 Dungeon Crawl Stone Soup version 0.18-a0-1203-gbde16db (webtiles) character file.

107 namelastname112 the Poker (level 4, -2/34 HPs)
             Began as a Demonspawn Gladiator on Feb 1, 2016.
             Slain by Sigmund
             ... wielding a +0 scythe
              (9 damage)
             ... on level 3 of the Dungeon.
             The game lasted 00:03:12 (1470 turns).

namelastname112 the Poker (Demonspawn Gladiator)    Turns: 1470, Time: 00:03:12

Health: -2/34      AC:  5    Str: 16    XL:     4   Next: 56%
Magic:  4/4        EV: 13    Int: 10    God:
Gold:   194        SH:  0    Dex: 13    Spells: 0 memorised, 3 levels left

rFire  + . .     SeeInvis .     a - +0 trident
rCold  . . .     Gourm    .     b - +0 leather armour
rNeg   . . .     Faith    .     (no shield)
rPois  .         Spirit   .     c - +0 helmet
rElec  .         Dismiss  .     (no cloak)
rCorr  +         Reflect  .     w - +0 pair of gloves
SustAt .         Harm     .     (no boots)
MR     .....                    (no amulet)
Stlth  +.........               r - ring of resist corrosion
                                p - ring of protection from fire

@: confused, not resistant to hostile enchantments, very unstealthy
A: powered by death 2
a: no special abilities


You were on level 3 of the Dungeon.
You were not hungry.

You visited 1 branch of the dungeon, and saw 3 of its levels.

You collected 194 gold pieces.

Inventory:

Hand Weapons
 a - a +0 trident (weapon)
Missiles
 d - 2 throwing nets (quivered)
Armour
 b - a +0 leather armour (worn)
 c - a +0 helmet (worn)
 w - a +0 pair of gloves (worn)
Jewellery
 p - a ring of protection from fire (left hand)
 r - a ring of resist corrosion (right hand)
Wands
 v - a wand of lightning (0/15)
Scrolls
 e - 2 scrolls of identify {unknown}
 g - a scroll of fear {unknown}
 i - 2 scrolls of recharging {unknown}
 k - a scroll of immolation {unknown}
 l - 2 scrolls of enchant armour {unknown}
 o - a scroll of enchant weapon {unknown}
 t - a scroll of teleportation {unknown}
 x - a scroll of amnesia {unknown}
 y - a scroll of remove curse {unknown}
Potions
 h - a potion of curing
 m - a potion of agility {unknown}
 n - a potion of magic {unknown}
 q - a potion of haste {unknown}
 s - a potion of brilliance {unknown}
 u - a potion of cancellation {unknown}
Comestibles
 f - 2 bread rations
 j - a meat ration


   Skills:
 + Level 2.8 Fighting
 * Level 3.6 Polearms
 - Level 1.7 Throwing
 + Level 1.1 Armour
 + Level 3.3 Dodging


You had 3 spell levels left.
You didn't know any spells.

Dungeon Overview and Level Annotations

Branches:
Dungeon (3/15)

Altars:
Qazlal

Annotations:
D:3 Sigmund


Innate Abilities, Weirdness & Mutations

You regenerate health from kills.


Message History

* * * LOW HITPOINT WARNING * * *
Something hits you but does no damage.
You feel less regenerative.
You feel less confused.
You closely miss the giant cockroach.
The giant cockroach is almost dead.
The giant cockroach bites you but does no damage.
You closely miss the giant cockroach.
The giant cockroach is almost dead.
Something hits you.
* * * LOW HITPOINT WARNING * * *
The giant cockroach bites you.
* * * LOW HITPOINT WARNING * * *
You hit the giant cockroach.
You kill the giant cockroach!
You hear some strange, mumbled words.
You are confused.
Throwing (i - inventory):
d - 3 throwing nets (quivered)
Press: ? - help, Shift-Dir - straight line You throw a throwing net.
Something hits you!
You die...

.. #.. # .. # ## # # # ##.
# #... #.######## # #...#
#........## #
#...###########...#########
.......({.@................
.._.....#####.#...###.#####
........# #.##.## #.#
#...###.# #.##.# #†#
#...#E#.# #.##.####.#
#...###.# #.......... ##.#
#.# #..######.####. #. ..#
#..# ....... #†.# .[####.


There were no monsters in sight!

Vanquished Creatures
  Terence (D:3)
  2 adders (D:2)
  2 oozes (D:1)
  A worm (D:3)
  A giant gecko (D:3)
  A ball python (D:1)
  4 giant cockroaches
  7 goblins
  5 hobgoblins
  5 jackals (D:2)
  3 kobolds
  A quokka (D:2)
  5 bats
  2 giant newts
  8 rats
48 creatures vanquished.

Notes
Turn   | Place    | Note
--------------------------------------------------------------
     0 | D:1      | namelastname112 the Demonspawn Gladiator began the quest for the Orb.
     0 | D:1      | Reached XP level 1. HP: 16/16 MP: 1/1
    63 | D:1      | Reached skill level 3 in Polearms
    70 | D:1      | Gained mutation: You regenerate a little health from kills. [demonic ancestry]
    70 | D:1      | Reached XP level 2. HP: 20/22 MP: 2/2
   709 | D:2      | Reached XP level 3. HP: 21/28 MP: 3/3
  1207 | D:3      | Noticed Terence
  1220 | D:3      | Killed Terence
  1220 | D:3      | Gained mutation: You regenerate health from kills. [demonic ancestry]
  1220 | D:3      | Reached XP level 4. HP: 27/34 MP: 4/4
  1276 | D:3      | Reached skill level 1 in Armour
  1442 | D:3      | Found a stormy altar of Qazlal.
  1443 | D:3      | Noticed an air elemental
  1443 | D:3      | Noticed Sigmund
  1470 | D:3      | Slain by Sigmund

Vault maps used:
D:1:      matt_arrival_grand_opening
D:2:      minmay_misc_feat_more_columns
D:3:      nicolae_qazlal_style_of_elements, uniq_terence, uniq_sigmund,
          uniq_robin

Action                   |  1- 3 |  4- 6 || total
-------------------------+-------+-------++-------
Melee: Trident           |   128 |    39 ||   167
Throw: Throwing net      |       |     1 ||     1
Evoke: Wand              |       |     4 ||     4
  Eat: Chunk             |       |     2 ||     2
